 Dungeon Crawl Stone Soup version 0.31-a0-339-gda1cbd555d (webtiles) character file.

Game seed: 116136780172671375

472 Newt the Trooper (level 6, -18/72 HPs)
             Began as a Demonspawn Gladiator on July 20, 2023.
             Was an Initiate of Hepliaklqana.
             Demolished by an ogre
             ... wielding a +0 giant spiked club
              (25 damage)
             ... on level 5 of the Dungeon.
             The game lasted 00:04:03 (3543 turns).

Newt the Trooper (Demonspawn Gladiator)             Turns: 3543, Time: 00:04:03

Health: -18/72     AC:  8    Str: 16    XL:     6   Next: 83%
Magic:  6/6        EV:  9    Int: 10    God:    Hepliaklqana [......]
Gold:   194        SH: 12    Dex: 14    Spells: 5/5 levels left

rFire   . . .        r - +1 spear of Yredelemnul's Fury {drain, SInv Stlth+}
rCold   . . .        l - +0 tower shield
rNeg    . . .        b - +0 leather armour
rPois   .            p - +2 helmet
rElec   .            (no cloak)
rCorr   .            (no gloves)
SInv    +            (no boots)
Will    .....        s - amulet of regeneration Stlth
                     (no ring)
HPRegen 1.12/turn    (no ring)
MPRegen 0.10/turn

%: no passive effects
@: berserking, very quick
A: icy blue scales 1, condensation shield
a: Renounce Religion


You were on level 5 of the Dungeon.
You worshipped Hepliaklqana.
Hepliaklqana was noncommittal.
You visited 2 branches of the dungeon, and saw 6 of its levels.

You collected 194 gold pieces.

Inventory:

Hand Weapons
 a - a +0 rapier
 r - the +1 spear of Yredelemnul's Fury (weapon) {drain, SInv Stlth+}
   (You found it on level 4 of the Dungeon)

   SInv:      It lets you see invisible.
   Stlth:     It makes you more stealthy.
Missiles
 d - 4 throwing nets (quivered)
 e - a javelin
 m - 3 poisoned darts
Armour
 b - a +0 leather armour (worn)
 c - a +0 helmet
 l - a +0 tower shield (worn)
 p - a +2 helmet (worn)
Jewellery
 s - an amulet of regeneration (around neck)
Wands
 o - a wand of flame (14)
 q - a wand of digging (4)
Scrolls
 n - a scroll of teleportation
Potions
 f - a potion of curing
 g - a potion of enlightenment
 h - 3 potions of lignification
 i - a potion of berserk rage
 j - a potion of ambrosia {unknown}
 k - 2 potions of attraction {unknown}


   Skills:
 - Level 4.0 Fighting
 - Level 2.6 Short Blades
 - Level 4.0 Polearms
 - Level 1.7 Throwing
 - Level 4.0 Dodging
 + Level 2.2 Shields


You had 5 spell levels left.
You didn't know any spells.
Your spell library contained the following spells:

 Spells                   Type           Power      Damage    Failure   Level
 Inner Flame              Hex/Fire       0%         N/A       100%        3
 Ozocubu's Armour         Ice            0%         N/A       100%        3
 Flame Wave               Conj/Fire      0%         2d4       100%        4
 Sticky Flame             Conj/Fire      0%         2d3       100%        4
 Metabolic Englaciation   Hex/Ice        0%         N/A       100%        5
 Simulacrum               Ice/Necr       0%         N/A       100%        6
 Ozocubu's Refrigeration  Ice            0%         4d7       100%        7


Dungeon Overview and Level Annotations

Branches:
Dungeon (5/15)             Temple (1/1) D:4

Altars:
Ashenzari
Cheibriados
Dithmenos
Fedhas
Gozag
Hepliaklqana
Kikubaaqudgha
Makhleb
Nemelex Xobeh
Okawaru
Qazlal
Sif Muna
Trog
Uskayaw
Vehumet
Wu Jian
Xom
Yredelemnul


Innate Abilities, Weirdness & Mutations

You are partially covered in icy blue scales. (AC +2)
A meltable shield of frost defends you. (SH +0)


Message History

You hit the orc priest but do no damage.
The orc priest is severely wounded.
The orc wizard casts a spell at you.
The puff of flame hits you but does no damage.
Your condensation shield dissipates!
The orc priest looks braver for a moment.
You block the orc wizard's attack.
Unknown command.
Reach: r) +1 spear of Yredelemnul's Fury {drain, SInv Stlth+}
Press: ? - help, Dir - move target, f/p - orc priest
Aim: an orc priest, wielding a +0 hand axe (severely wounded, heavily drained, about 34% to evade the +1 spear of Yredelemnul's Fury)
You reach to attack!
You barely miss the orc priest.
The orc priest is severely wounded.
Unknown command.
Unknown command.
Reach: r) +1 spear of Yredelemnul's Fury {drain, SInv Stlth+}
Press: ? - help, Dir - move target, f/p - orc priest
Aim: an orc priest, wielding a +0 hand axe (severely wounded, heavily drained, about 34% to evade the +1 spear of Yredelemnul's Fury)
The ogre is in the way.
You hit the ogre. You drain the ogre.
The ogre is moderately wounded.
Unknown command.
You hit the ogre.
The ogre is heavily wounded.
The ogre hits you with a +0 giant spiked club!
The orc priest calls down the wrath of Beogh upon you.
Beogh smites you!
The orc priest mumbles some strange prayers to Beogh against you.
Beogh smites you!
* * * LOW HITPOINT WARNING * * *
Unknown command.
A red film seems to cover your vision as you go berserk!
You feel yourself moving faster!
You feel mighty! You block the ogre's attack.
The orc priest calls down the wrath of Beogh upon you.
Beogh smites you!
* * * LOW HITPOINT WARNING * * *
Unknown command.
You puncture the ogre!
The ogre is severely wounded.
The ogre hits you with a +0 giant spiked club!!
You die... #..# ..# ..# ## ... .# ##.##.. ooo

)# #O##.#
#@##.#
######.##§###
........†...§#
...........#§#
.#...##.####§#
#.#.##.# #§# #
#.##.# #§# .
#.#.##.# #.#
.# #.##.#.##.#
#.#


You could see an ogre (drained), 2 orc priests and an orc wizard.

Vanquished Creatures
  A centaur (D:5)
  A phantom (D:4)
  A scorpion (D:4)
  2 hounds (D:4)
  A jelly (D:4)
  2 iguanas (D:4)
  2 adders (D:4)
  A worm (D:5)
  6 dart slugs
  An orc (D:3)
  3 bats
  8 endoplasms
  4 giant cockroaches
  9 goblins
  9 hobgoblins
  9 kobolds
  6 quokkas
  8 ball pythons
  4 frilled lizards
  7 rats
85 creatures vanquished.

Notes
Turn   | Place    | Note
-------+----------+-------------------------------------------
     0 | D:1      | Newt the Demonspawn Gladiator began the quest for the Orb.
     0 | D:1      | Reached XP level 1. HP: 16/16 MP: 1/1
    37 | D:1      | Gained mutation: A meltable shield of frost defends you.
                  | (SH +0) [demonic ancestry]
    37 | D:1      | Reached XP level 2. HP: 17/23 MP: 2/2
   381 | D:1      | Reached XP level 3. HP: 25/29 MP: 3/3
  1580 | D:2      | Gained mutation: You are partially covered in icy blue
                  | scales. (AC +2) [demonic ancestry]
  1580 | D:2      | Reached XP level 4. HP: 36/37 MP: 4/4
  2114 | D:3      | Found a faded altar of an unknown god.
  2392 | D:4      | Identified the +1 spear of Yredelemnul's Fury {drain, SInv
                  | Stlth+}
  2471 | D:4      | Noticed a scorpion
  2480 | D:4      | Killed a scorpion
  2481 | D:4      | Reached skill level 1 in Polearms
  2481 | D:4      | Reached XP level 5. HP: 35/42 MP: 5/5
  2633 | D:4      | Noticed a phantom
  2687 | D:4      | Killed a phantom
  2688 | D:4      | Reached XP level 6. HP: 19/48 MP: 6/6
  3205 | D:4      | Found a staircase to the Ecumenical Temple.
  3254 | D:5      | Entered Level 5 of the Dungeon
  3304 | Temple   | Entered the Ecumenical Temple
  3345 | Temple   | Became a worshipper of Hepliaklqana the Forgotten
  3543 | D:5      | Demolished by an ogre

Illustrated notes

Levels and vault maps discovered:
D:1:      dpeg_arrival_rhombi, layout_rooms, corexii_leaking_fountain
D:2:      kb_forest_paths, layout_basic
D:3:      wad_pebble_path, layout_rooms, shapermc_ecumenical_altar_pompeii,
          hex_medium
D:4:      layout_basic, minmay_temple_entry_gardened_gates
D:5:      layout_basic, minmay_misc_feat_cross
Temple:   mainiacjoe_temple_hex_bubbles

Skill      XL: |  1  2  3  4  5  6 |
---------------+-------------------+-----
Fighting       | 3 4 |  4.0
Dodging        | 3 4 |  4.0
Polearms       | 1 3 4 |  4.0
Shields        | 2 |  2.2
Short Blades   | |  2.6
Throwing       | |  1.7

Action                     |  1- 3 |  4- 6 || total
---------------------------+-------+-------++-------
  Melee: Rapier            |   206 |    27 ||   233
         Spear             |       |   132 ||   132
    Use: Scroll            |     2 |     5 ||     7
         Potion            |       |     2 ||     2
   Stab: Sleeping          |       |     8 ||     8
 Armour: Leather armour    |    53 |    62 ||   115
  Dodge: Dodged            |   128 |    99 ||   227
  Block: Other             |    33 |    28 ||    61
         Tower shield      |       |    17 ||    17

Table legend: (Time is in decaauts)
 A = Elapsed time spent in this place.
 B = Non-inter-level travel time spent in this place.
 C = Inter-level travel time spent in this place.
 D = Time resting spent in this place.
 E = Time spent auto-exploring this place.
 F = Levels seen in this place.
 G = Mean time per level.
                   A        B        C        D        E       F      G
               +--------+--------+--------+--------+--------+-----+--------+
         Total |   3567 |   3226 |    341 |    396 |   2121 |   6 |  594.5 |
       Dungeon |   3496 |   3223 |    273 |    396 |   2121 |   5 |  699.2 |
        Temple |     70 |      3 |     67 |      0 |      0 |   1 |   70.0 |
               +--------+--------+--------+--------+--------+-----+--------+

Top non-repeatable levels by time:
     D:2: 1074 daAuts
     D:4: 985 daAuts
     D:1: 749 daAuts
     D:3: 562 daAuts
     D:5: 124 daAuts
  Temple: 70 daAuts
